 Dungeon Crawl Stone Soup version 0.28.0 (webtiles) character file.

Game seed: 10700203496264895388

30 Akaron the Digger (level 3, -10/21 HPs)
             Began as an Octopode Earth Elementalist on Feb 6, 2022.
             Mangled by an ogre (31 damage)
             ... on level 2 of the Dungeon.
             The game lasted 00:01:26 (858 turns).

Akaron the Digger (Octopode Earth Elementalist)      Turns: 858, Time: 00:01:26

Health: -10/21     AC:  1    Str:  7    XL:     3   Next: 20%
Magic:  4/6        EV: 13    Int: 19    God:
Gold:   51         SH:  0    Dex: 12    Spells: 1/7 levels left

rFire   . . .      SeeInvis .   (no weapon)
rCold   . . .      Faith    .   (no shield)
rNeg    . . .      Spirit   .   (helmet restricted)
rPois   .          Reflect  .   (no amulet)
rElec   .          Harm     .   (no ring)
rCorr   .          Rampage  .   (no ring)
Will    .....                   (no ring)
Stlth   +++.......              (no ring)
HPRegen 0.07/turn               (no ring)
MPRegen 0.10/turn               (no ring)
                                (no ring)
                                (no ring)

@: no status effects
A: almost no armour, amphibious, 8 rings, camouflage 1, gelatinous body 1,
(nimble swimmer 1), tentacles
a: no special abilities


You were on level 2 of the Dungeon.
You visited 1 branch of the dungeon, and saw 2 of its levels.

You collected 51 gold pieces.

Inventory:

Missiles
 b - 27 stones
Jewellery
 a - an amulet of magic regeneration
 d - a +6 ring of strength
Scrolls
 c - a scroll of silence {unknown}
 e - a scroll of magic mapping {unknown}


   Skills:
 + Level 2.1 Dodging
 - Level 2.6 Stealth
 + Level 2.5 Spellcasting
 * Level 0.3 Conjurations
 + Level 1.0 Transmutations
 + Level 3.6 Earth Magic


You had one spell level left.
You knew the following spells:

 Your Spells              Type           Power      Damage    Failure   Level
a - Sandblast             Erth           32%        2d9       3%          1
b - Passwall              Tmut/Erth      9%         N/A       10%         2
c - Stone Arrow           Conj/Erth      18%        3d8       22%         3

Your spell library contained the following spells:

 Spells                   Type           Power      Damage    Failure   Level
 Ignite Poison            Fire/Tmut/Pois 3%         N/A       38%         3
 Mephitic Cloud           Conj/Pois/Air  2%         N/A       43%         3
 Petrify                  Tmut/Erth      11%        N/A       52%         4
 Freezing Cloud           Conj/Ice/Air   1%         6-21      99%         5


Dungeon Overview and Level Annotations

Branches:
Dungeon (2/15)

Altars:


Innate Abilities, Weirdness & Mutations

You cannot wear most types of armour.
You are amphibious.
You can wear up to eight rings at the same time.
Your skin changes colour to match your surroundings (Stealth+).
Your rubbery body absorbs attacks. (AC +1, EV +1)
((You are camouflaged when in or above water. (Stealth+)))
You have tentacles for arms and can constrict up to eight enemies at once.


Message History

The blast of sand hits the adder!
You kill the adder!
You have reached level 3!
Your experience leads to an increase in your attributes!
Increase (S)trength, (I)ntelligence, or (D)exterity?
You feel clever. x2
Memorise Passwall, consuming 2 spell levels and leaving 4?
You start memorising the spell.
You continue memorising. x2
You finish memorising.
Spell assigned to 'b'.
This spell is extremely dangerous to cast!
Memorise Stone Arrow, consuming 3 spell levels and leaving 1?
You start memorising the spell.
You continue memorising. x3
You finish memorising.
Spell assigned to 'c'.
Okay, then.
Magic restored.
A rat and a goblin come into view.
The goblin shouts!
You hear a shout!
The rat moves out of view.
Found 11 gold pieces.
The blast of sand misses the goblin.
The blast of sand hits the goblin!
You kill the goblin!
An ogre comes into view. It is wielding a +0 giant club.
The blast of sand hits the rat.
You kill the rat!
There is a stone staircase leading up here.
You climb upwards.
There is a stone staircase leading down here.
You start resting.
Magic restored.
You climb downwards.
There is a stone staircase leading up here.
The blast of sand hits the ogre!
The ogre is moderately wounded.
The ogre barely misses you.
The blast of sand hits the ogre.
The ogre is heavily wounded.
The ogre hits you with a +0 giant club!!
Ouch! That really hurt!
You die...

....... .......
....... $......
######### .......
#........ .O...).
#........
.......##@.......
#.[...O........
.....####........
### #........
#........
##.###### .# .#
..


You could see an ogre.

Vanquished Creatures
  An adder (D:2)
  2 endoplasms (D:1)
  2 hobgoblins (D:1)
  4 jackals (D:1)
  2 kobolds (D:1)
  2 ball pythons (D:1)
  2 frilled lizards (D:1)
  3 goblins
  2 rats
20 creatures vanquished.

Notes
Turn   | Place    | Note
-------+----------+-------------------------------------------
     0 | D:1      | Akaron the Octopode Earth Elementalist began the quest for
                  | the Orb.
     0 | D:1      | Reached XP level 1. HP: 11/11 MP: 3/3
   242 | D:1      | Reached XP level 2. HP: 17/17 MP: 3/5
   794 | D:2      | Reached XP level 3. HP: 21/21 MP: 3/6
   797 | D:2      | Learned a level 2 spell: Passwall
   801 | D:2      | Learned a level 3 spell: Stone Arrow
   826 | D:2      | Noticed an ogre
   858 | D:2      | Mangled by an ogre

Illustrated notes

Levels and vault maps discovered:
D:1:      dpeg_arrival_rooms_a, layout_loops_ring
D:2:      layout_rooms, basic_altar, minmay_puff

Action                   || total
-------------------------++-------
Melee: Unarmed           ||     4
       Tentacles         ||     2
       Constrict         ||     1
 Cast: Sandblast         ||    26
Armor: Skin              ||     1
Dodge: Dodged            ||     7
